Changes

Match 23013898
End
Panzergrenadier Squad
Selects Italian Infantry
Panzergrenadier Squad
250 Light Carrier
Construct Light Support Kompanie
2.5-tonne Medical Truck
Selects Guastatori Squad
Combat Half-tracks
Guastatori Squad
Panzerjäger Squad
Fire Support Elements
Pak 38 Mechanized Group
Pak 38 Anti-tank Gun Team
Selects Defensive Operations
Selects Territory Booby Traps
Construct Panzerarmee Kommand
Panzer III L Medium Tank
Selects Obice 305mm Barrage
Obice 305mm Barrage
Panzer III L Medium Tank
Selects Registered Artillery
Selects Towed Cannone da 105/28 Field Howitzer
Emergency Repair Kits
Razarguhl
Slashington
Snorl
Bego
HELLO
Svenious Jakobus (GB)
0
0

Comments sign in to comment!

No comments posted yet!